Map: Ephemeron LE

Players

llllIIIIlllI - Winner!

  • Race: Zerg Zerg
  • League: Master
  • Spawn Location: 5:00

MacroMan

  • Race: Protoss Protoss
  • League: Diamond
  • Spawn Location: 11:00

VOD

Have the link to the VOD?

Description

Time

  • Played on: Sept. 13, 2019, 3:37 p.m.
  • Length: 6:05
Show
View Real Time Build Order
Export as new Build Order

llllIIIIlllI Zerg - Winner!

Build Orders: Pool Only, Swarm Host 

Get SALT Encoding   

  12  0:00  Drone  
  13  0:08  Drone  
  14  0:26  Spawning Pool  
  14  0:28  Drone  
  14  0:34  Extractor  
  14  0:35  Drone  
  14  0:41  Extractor  
  14  0:42  Drone  
  15  0:48  Overlord  
  15  1:13  Zergling x6  
  15  1:15  Queen  
  20  1:26  Zergling x2  
  21  1:36  Drone  
  22  1:47  Extractor  
  22  1:49  Overlord  
  22  1:51  Lair  
  21  1:59  Drone  
  22  2:08  Drone  
  23  2:18  Drone  
  23  2:30  Drone x3  
  26  2:40  Drone  
  27  2:50  Infestation Pit  
  26  2:52  Queen  
  26  2:57  Drone  
  29  3:02  Nydus Network  
  28  3:08  Drone  
  28  3:11  Overlord  
  29  3:19  Overlord  
  29  3:32  Swarm Host x2  
  34  3:42  Swarm Host  
  34  3:45  Swarm Host  
  40  3:55  Nydus Canal  
  40  4:00  Swarm Host  
  40  4:02  Overlord  
  43  4:08  Overseer  
  43  4:21  Swarm Host  
  46  4:27  Queen  
  48  4:32  Nydus Canal  
  48  4:44  Swarm Host  
  51  4:52  Drone, Spine Crawler  
  51  4:53  Drone  
  52  5:04  Nydus Canal  
  52  5:05  Overlord  
  52  5:13  Overlord  
  52  5:23  Swarm Host, Queen  
  52  5:26  Swarm Host  
  60  5:34  Spine Crawler  
  61  5:47  Spine Crawler  
  60  5:59  Nydus Canal  
Show
View Real Time Build Order
Export as new Build Order

MacroMan Protoss 

Build Orders:  

Get SALT Encoding   

  12  0:01  Probe  
  13  0:13  Probe  
  14  0:19  Pylon  
  14  0:25  Probe  
  15  0:37  Probe  
  15  0:42  Gateway  
  16  0:49  Probe  
  17  0:54  Assimilator  
  17  1:00  Assimilator  
  17  1:04  Probe  
  18  1:16  Probe  
  19  1:28  Probe  
  19  1:29  Zealot (Chrono Boost)  
  19  1:30  Cybernetics Core  
  22  1:36  Pylon  
  22  1:47  Gateway  
  22  2:00  Assimilator  
  22  2:03  Adept (Chrono Boost)  
  22  2:05  Warp Gate (Chrono Boost)  
  24  2:15  Probe  
  25  2:28  Probe, Robotics Facility  
  26  2:34  Adept  
  28  2:40  Probe  
  29  2:50  Pylon  
  29  2:52  Probe  
  30  3:03  Gateway  
  32  3:27  Immortal (Chrono Boost)  
  34  3:45  Pylon  
  34  3:46  Stalker x2  
  36  3:58  Warp Prism  
  38  4:04  Stalker  
  40  4:12  Sentry  
  40  4:13  Stalker  
  44  4:21  Pylon  
  44  4:37  Stalker  
  46  4:42  Stalker  
  46  4:43  Stalker  
  46  5:10  Stalker  
  46  5:11  Stalker x2  
  47  5:36  Stalker x2  
Tags
 
Composition
Swarm Host
Matchup
PvZ
Opening
Pool Only
Spawn Locations
Cross Positions
Add a new tag
Caveats
  • Supply blocks, unpowered buildings, or Contaminate may cause inaccurate times.
  • Supply counts are checked every 10 seconds.